AoeStats
← MaxedWayOut

Arabian Desert

510223468Analyzed
1v1 RM · 11h ago on Sep 30, 2026· 36m 6s· 2 players
Game mode
Random Map
Map size
Tiny (2 player)
Population
200
Speed
Normal
Resources
Standard
Victory
Conquest
Starting age
Dark Age
Ending age
Imperial Age
RankedLock teamsTeams togetherTeam positionsShared explorationLock speedFull tech treeHidden civsTurbo modeCheats
Victory
Defeat
🇨🇱 Danes · Chile
774
+16
🇺🇸 Magyars · United States
775
-16
Patoko6966
0:34 Loom
10:44 Feudal Age
11:23 Horse Collar
11:38 Double-Bit Axe
20:50 Wheelbarrow
22:18 Forging
25:18 Castle Age
25:22 Scale Mail Armor
25:44 Pikeman
26:25 Squires
26:53 Chain Mail Armor
28:04 Elite Skirmisher
29:02 Hand Cart
28:50 Heavy Plow
29:02 Bow Saw
30:14 Murder Holes
31:45 Ballistics
31:16 Guard Tower
31:47 Fletching
32:10 Thumb Ring
38:41 Imperial Age
35:59 Town Watch
MaxedWayOut
6:10 Loom
9:01 Feudal Age
15:28 Double-Bit Axe
19:00 Horse Collar
19:18 Gold Mining
22:05 Castle Age
21:04 Fletching
21:59 Bloodlines
23:01 Bodkin Arrow
23:40 Husbandry
25:27 Wheelbarrow
29:09 Gold Shaft Mining
28:25 Stone Mining
29:02 Ballistics
29:28 Padded Archer Armor
33:00 Scale Barding Armor
33:15 Hand Cart
32:48 Horse Collar
33:37 Thumb Ring
34:21 Leather Archer Armor
Connection lost

Rejoining the realm…

Still unreachable

The connection could not be restored.

Session expired

The server has moved on; the page needs a fresh start.